Unix NetHack Version 3.7.0-61 Work-in-progress - last build Jul 22 2022 01:17:04 (76b68a5543021f85d9193291e0cc6e7301e83a09,branch:master). Game began 2022-07-25 09:48:12, ended 2022-08-13 00:08:03. Merlek, lawful female human Valkyrie . ---.. |....- -------...- ----- |....... .| 5 ...| |...------- ---------..-- ---.--- |.......|.5.-- ....... |...@...|..4.--- ...%... |..._...-.@@Aa@..&.D%%.. |.......|4%..--- ..... |....5..|5%.-- ... ---------..-- .5.| ----- Merlek the Heroine St:25 Dx:14 Co:18 In:7 Wi:15 Ch:11 Lawful Astral Plane $:138 HP:170(205) Pw:28(57) AC:-33 Xp:22/20016589 T:53355 Latest messages: The Angel of Loki swings his long sword at the Angel of Tyr. The Angel of Loki hits the Angel of Tyr. The Angel of Loki misses the Angel of Tyr. The renegade priest of Tyr zaps a wand of death! The death ray hits the Angel of Odin. The death ray misses the renegade Angel of Tyr. The giant beetle is killed by the death ray! The high priest intones: "Pilgrim, you enter a sacred place!" Warwick the Journeyer turns to flee. Warwick the Journeyer zaps himself with a wand of make invisible! Suddenly you cannot see Warwick the Journeyer. The Angel of Loki points at you, then curses. You hear a chugging sound. The Angel of Odin points at you, then curses. The Angel of Tyr swings his long sword at the Angel of Loki. The Angel of Tyr hits the Angel of Loki. The Angel of Tyr swings his long sword at the Angel of Loki. The Angel of Tyr hits the Angel of Loki. The Angel of Tyr hits the Angel of Loki. The renegade Angel of Tyr points at you, then curses. The Angel of Loki swings his long sword at the Angel of Tyr. The Angel of Loki misses the Angel of Tyr. The Angel of Loki swings his long sword at the Angel of Tyr. The Angel of Loki hits the Angel of Tyr. The Angel of Loki hits the Angel of Tyr. Your oil lamp seems about to go out. The renegade Angel of Tyr points at you, then curses. You hear a mumbled curse. The renegade priest of Tyr zaps a wand of death! The killer bee is killed by the death ray! The death ray misses it. You hear a mumbled curse. The air crackles around the renegade priest of Tyr. Keni the Journeyer zaps a wand of striking! Boing! There is a high altar to Tyr (lawful) here. # What do you want to sacrifice? [y or ?*] You offer the Amulet of Yendor to Tyr... An invisible choir sings, and you are bathed in radiance... The voice of Tyr rings out: "Mortal, thou hast done well!" "In return for thy service, I grant thee the gift of Immortality!" You ascend to the status of Demigoddess... Do you want your possessions identified? [ynq] (y) Do you want to see your attributes? [ynq] (y) Do you want an account of creatures vanquished? [ynaq] (y) Do you want a list of species genocided and extinct? [ynq] (y) Do you want to see your conduct and achievements? [ynq] (y) Do you want to see the dungeon overview? [ynq] (y) Major events: Turn 1: Merlek the lawful human Valkyrie entered the dungeon 843: entered the Gnomish Mines 1725: attained the rank of Skirmisher (level 3) 3294: attained the rank of Fighter (level 6) 3622: was bestowed with Mjollnir by Tyr 3801: reached Mine Town 4846: made her first wish - "blessed greased fixed +2 cloak of magic resistance", got "a greased ornamental cope" 8312: entered Sokoban 9262: acquired the Mines' End luckstone 9877: wished for "blessed greased fixed +2 silver dragon scale mail", got "a greased silver dragon scale mail" 10694: completed sokoban 1 11289: attained the rank of Woman-at-arms (level 10) 12690: completed sokoban 2 13156: completed sokoban 3 14188: completed sokoban 4 14448: acquired the Sokoban amulet of reflection 30010: killed Medusa 30446: wished for "2 blessed scrolls of charging", got "2 scrolls labeled YUM YUM" 30447: wished for "blessed greased fixed bag of holding", got "a greased bag" 30453: wished for "blessed greased fixed +2 gauntlets of power", got "a greased pair of riding gloves" 30460: wished for "blessed greased fixed +2 speed boots", got "a greased pair of riding boots" 30466: made her first artifact wish - "blessed greased fixed +2 Grayswandir", got "a greased silver saber named Grayswandir" 30468: wished for "blessed greased fixed amulet of flying", got "a greased circular amulet" 32334: was bestowed with Fire Brand by Tyr 34737: entered Gehennom 35046: attained the rank of Warrior (level 14) 36312: found the Orb of Fate on the floor 36317: killed Lord Surtur 36318: acquired the Bell of Opening 38514: wished for "2 blessed scrolls of genocide", got "2 scrolls labeled DAIYEN FOOELS" 38515: performed her first genocide (class L) 38757: bribed Asmodeus with 139 zorkmids for safe passage 43461: attained the rank of Swashbuckler (level 18) 43701: bribed Baalzebub with 101 zorkmids for safe passage 44930: destroyed Vlad the Impaler 44931: acquired the Candelabrum of Invocation 45370: killed the invisible Orcus 45873: killed Juiblex 50464: killed the Wizard of Yendor 50467: killed the invisible Wizard of Yendor (2nd time) 50468: acquired the Book of the Dead 50685: performed the invocation 50804: killed the high priest of Moloch 50806: acquired The Amulet of Yendor 51976: attained the rank of Heroine (level 22) 52966: entered the Elemental Planes 52966: entered Plane of Earth 52966: killed the Wizard of Yendor (3rd time) 53016: entered Plane of Air 53071: entered Plane of Fire 53109: entered Plane of Water 53110: genocided class ; 53206: killed the Wizard of Yendor (5th time) 53325: entered the Astral Plane 53334: killed Pestilence 53348: found Grimtooth carried by a monster 53355: ascended Inventory: Amulets T - a blessed greased amulet of flying e - an uncursed amulet of life saving (being worn) E - an uncursed amulet of life saving Weapons p - 7 +0 elven daggers (at the ready) a - the blessed +5 Grayswandir (wielded in right hand) r - a blessed +2 silver saber (wielded in left hand) Armor n - a blessed greased very burnt +6 elven leather helm (being worn) K - a blessed greased rustproof +3 pair of gauntlets of power (being worn) M - a blessed greased fireproof +0 pair of speed boots (being worn) Q - a blessed greased fireproof +3 cloak of magic resistance (being worn) u - a blessed +5 T-shirt with text "I <3 Maud" (being worn) J - a blessed greased +5 silver dragon scale mail (being worn) Comestibles l - an uncursed partly eaten C-ration Scrolls j - an uncursed scroll of teleportation Rings H - an uncursed ring of conflict (on left hand) O - an uncursed ring of slow digestion (on right hand) Wands V - a wand of death (1:2) b - a wand of digging (0:4) s - a cursed wand of digging (0:7) o - a wand of fire (0:7) d - a wand of fire (0:2) G - a wand of lightning (0:8) Y - a wand of lightning (0:6) w - a wand of lightning (0:4) z - a blessed wand of speed monster (0:3) C - a wand of striking (0:3) t - a wand of teleportation (0:8) c - a wand of teleportation (0:6) Tools I - a blessed greased bag of holding containing 36 items N - a horn of plenty (0:19) R - an uncursed bugle P - the Bell of Opening (0:2) X - an uncursed blindfold named p9860 f - a can of grease (0:9) L - the uncursed Candelabrum of Invocation (0 of 7 candles attached) S - a blessed oil lamp (lit) U - the blessed Orb of Fate (0:5) x - a +0 pick-axe named prot 9 k - an uncursed skeleton key named cold tele sleep fire shock disint h - a blessed +0 unicorn horn Gems/Stones i - an uncursed worthless piece of orange glass Contents of the bag of holding: an uncursed amulet of life saving an uncursed +1 mummy wrapping an uncursed +0 oilskin cloak 3 uncursed K-rations 2 uncursed lembas wafers an uncursed lump of royal jelly 2 uncursed sprigs of wolfsbane an uncursed tin of floating eye meat an uncursed lizard corpse 2 uncursed lizard corpses 4 blessed scrolls of charging an uncursed scroll of earth an uncursed scroll of fire a blessed scroll of gold detection 4 blessed scrolls of identify 4 blessed scrolls of remove curse a blessed scroll of scare monster 4 uncursed scrolls of scare monster an uncursed scroll of taming a blessed scroll of teleportation an uncursed scroll of teleportation a cursed scroll of teleportation 5 blessed potions of full healing a blessed potion of gain energy an uncursed potion of levitation an uncursed potion of object detection a blessed potion of paralysis 9 potions of holy water an uncursed ring of levitation a cursed ring of polymorph an uncursed ring of polymorph control an uncursed ring of regeneration an uncursed ring of teleport control an uncursed stethoscope 3 uncursed wax candles a blessed luckstone Merlek the Valkyrie's attributes: Background: You were a Heroine, a level 22 human Valkyrie. You were lawful, on a mission for Tyr who was opposed by Odin (neutral) and Loki (chaotic). You were in the endgame, on the Astral Plane. You entered the dungeon 53355 turns ago. It was the midnight hour. There was a full moon in effect when your adventure ended. You had 20016589 experience points, 9983411 more were needed for level 23. Basics: You had 170 out of 205 hit points. You had 28 out of 57 energy points (spell power). Your armor class was -33. Your wallet contained 138 zorkmids. Autopickup was on for '$' plus thrown, with exceptions. Final Characteristics: Your strength was 25 (base:18/23, innate limit:18/100). Your dexterity was 14 (peak:15, limit:18). Your constitution was 18 (limit:18). Your intelligence was 7 (peak:11, limit:18). Your wisdom was 15 (limit:18). Your charisma was 11 (limit:18). Final Status: You were not hungry. You were unencumbered. You were wielding two weapons at once. Your two weapon skill was limited by being basic with saber. Final Attributes: You were piously aligned. You were magic-protected. You were fire resistant. You were cold resistant. You were sleep resistant. You were disintegration-resistant. You were shock resistant. You were poison resistant. You resisted hallucinations. You were telepathic. You were warned. You were invisible. You were stealthy. You caused conflict. You had slower digestion. You had a moderate defense bonus (+9). You were warded. You took half physical damage. You took half spell damage. You were very fast. You had reflection. Your life would have been saved. You were extremely lucky. You had extra luck. Good luck did not time out for you. You survived. Miscellaneous: You never encountered a bones level. Total elapsed playing time was 11 hours, 5 minutes and 29 seconds. Vanquished creatures: Orcus Juiblex the Wizard of Yendor (5 times) Pestilence Vlad the Impaler a high cleric a mastodon Medusa 13 krakens a storm giant 6 glass golems 3 balrogs 2 purple worms a gray dragon 3 gold dragons 2 red dragons 5 white dragons 4 orange dragons 5 black dragons 4 blue dragons 2 green dragons 2 yellow dragons 11 minotaurs 2 jabberwocks Lord Surtur 3 baluchitheria 2 demiliches 3 stone golems a master mind flayer 3 Olog-hai a Nazgul 3 pit fiends a sandestin a hell hound 6 displacer beasts 6 titanotheres 3 trappers 2 baby yellow dragons a genetic engineer 4 disenchanters 23 vampire leaders 2 skeletons 6 aligned clerics 3 captains 6 shades 4 liches 4 clay golems 12 nurses 6 ice devils 9 nalfeshnees 6 lurkers above 6 frost giants 4 ettins 7 black puddings 21 vampires 4 lieutenants 34 ghosts 4 winged gargoyles a mind flayer 9 giant mimics 3 long worms 5 zruties 21 fire giants 10 ogre tyrants 2 ice trolls 6 rock trolls 7 umber hulks a flesh golem 5 elven monarchs 4 doppelgangers 8 hezrous 4 bone devils 2 large mimics 3 wumpuses 13 stalkers 5 air elementals 2 fire elementals 3 earth elementals 16 water elementals 3 hill giants 6 giant mummies 4 xorns 11 giant zombies 14 elf-nobles 14 sergeants 3 barbed devils 12 vrocks 2 salamanders 12 wargs 2 winter wolves 3 hell hound pups 14 small mimics 5 glass piercers 9 warhorses 2 steam vortices 6 xans 5 ettin mummies 8 ogre leaders 8 quantum mechanics 19 trolls 2 sasquatches 2 wood golems 2 erinyes 4 mariliths 8 sharks 8 electric eels 7 gelatinous cubes 3 pyrolisks 3 large dogs 5 freezing spheres 7 flaming spheres 5 shocking spheres 8 large cats 4 tigers 12 gargoyles a dwarf ruler 2 tengu 4 ochre jellies 7 leocrottas 6 energy vortices 6 mountain centaurs 3 stone giants 4 elf mummies 8 human mummies 5 red nagas 3 green slimes 7 pythons 5 pit vipers 10 cobras 43 wraiths 4 carnivorous apes 9 ettin zombies 3 leather golems 14 Grey-elves 52 soldiers 4 amorous demons 5 horned devils 9 chameleons 6 crocodiles 11 giant beetles 6 quivering blobs 22 cockatrices 21 wolves 4 winter wolf cubs 7 lynxes 4 panthers 3 gremlins a spotted jelly 10 leprechauns 2 orc-captains an iron piercer 4 mumakil 19 giant spiders 10 scorpions 9 horses 9 black lights 12 vampire bats 5 forest centaurs 8 gnome rulers 4 orc mummies 3 dwarf mummies 4 ogres 5 brown puddings 9 rust monsters 13 owlbears 11 yetis 7 gold golems 5 werewolves 16 Green-elves 5 piranha 13 giant eels 14 lizards a warrior 7 chickatrices 3 dingoes 4 dogs 4 housecats 13 jaguars a dwarf leader a blue jelly 2 gray unicorns 8 black unicorns 4 dust vortices 2 ravens 6 plains centaurs 4 gnome mummies 7 snakes 5 water moccasins 13 apes 10 human zombies 4 rope golems 20 Woodland-elves 11 soldier ants 64 fire ants 18 bugbears 2 imps 5 lemures 11 quasits 6 wood nymphs 6 water nymphs 7 mountain nymphs 9 Mordor orcs 10 Uruk-hai 3 orc shamans 3 rock piercers 7 rock moles 4 ponies 7 fog clouds 14 yellow lights 2 shriekers 3 violet fungi 18 gnome leaders 6 gnomish wizards 7 kobold mummies 2 black naga hatchlings 8 gray oozes 2 barrow wights 14 elf zombies 10 ghouls a straw golem 5 paper golems 5 jellyfish 27 giant ants 3 little dogs 14 floating eyes a kitten 9 dwarves 7 homunculi a kobold leader a kobold shaman 19 hill orcs 23 rothes 4 rabid rats 2 centipedes 7 giant bats 5 monkeys 17 orc zombies 15 dwarf zombies 2 wererats 2 werejackals 15 iguanas 18 killer bees 5 acid blobs 7 coyotes 2 gas spores 2 hobbits 10 manes 7 large kobolds 15 hobgoblins 3 giant rats 10 cave spiders a brown mold 4 yellow molds a red mold 61 gnomes 19 garter snakes 7 gnome zombies 11 geckos 8 jackals a fox a kobold 4 goblins 8 sewer rats 16 grid bugs 4 bats 10 lichens 10 kobold zombies 10 newts 1967 creatures vanquished. Genocided or extinct species: liches demiliches master liches arch-liches erinyes (extinct) jellyfish piranha sharks giant eels electric eels krakens 10 species genocided. 1 species extinct. Voluntary challenges: You read items or engraved 84 times. You never engraved Elbereth. You genocided 10 types of monsters. You never changed form. You used 9 wishes (1 for an artifact). You violated the special Sokoban rules 5 times. Achievements: You entered the Gnomish Mines. You entered a shop. You attained the rank of Skirmisher. You attained the rank of Fighter. You entered Minetown. You entered a temple. You entered Sokoban. You completed the Gnomish Mines. You attained the rank of Woman-at-arms. You completed Sokoban. You defeated Medusa. You learned the tune to open and close the Castle's drawbridge. You entered Gehennom. You attained the rank of Warrior. You had the Bell of Opening. You attained the rank of Swashbuckler. You had the Candelabrum of Invocation. You handled the Book of the Dead. You gained access to Moloch's Sanctum. You attained the rank of Heroine. You reached the Elemental Planes. You reached the Astral Plane. You delivered the Amulet of Yendor. You ascended! The Elemental Planes: Astral Plane: <- You are here. A temple to Tyr. Plane of Water: Plane of Fire: Plane of Air: Plane of Earth: The Dungeons of Doom: levels 1 to 28 Level 1: One way stairs up to The Elemental Planes. Level 2: An altar to Tyr, a fountain. Stairs down to The Gnomish Mines. Level 3: An altar, a fountain. Level 4: "non-id helmet + cloak in shop 67+67" An armor shop. Level 5: "vault" An altar to Tyr. Level 6: "spears and daggers" A shop, an altar to Tyr. Level 7: Many fountains. Oracle of Delphi. Level 8: "potions in box" A fountain. Stairs up to Sokoban, level 7. Level 9: Level 10: A general store, some fountains, a grave. Level 11: A grave. Level 12: A fountain. Level 13: A fountain. Level 14: A general store. Portal to The Quest. Level 15: A primitive area. Level 16: An altar to Tyr. Level 17: A fountain. Level 18: Level 19: Many altars, a fountain. Level 20: An altar. Level 21: A temple. Level 22: A fountain. Level 23: "vault" A fountain. Level 24: Level 25: Level 26: A fountain, many trees. Level 27: A fountain. Level 28: A fountain. The castle (play notes "EFGBF" to open or close drawbridge). Gehennom: levels 29 to 49 Level 29: A temple, many graves. Valley of the Dead. Level 30: Level 31: Level 32: Level 33: Level 34: Level 35: Level 36: Level 37: Level 38: "ORCUS" Some shops, an altar. Level 39: Level 40: Level 41: Stairs up to Vlad's Tower, level 40. Level 42: Level 43: Level 44: Level 45: Level 46: "tower real" Level 47: "tower" Level 48: Level 49: A temple, many graves. Moloch's Sanctum. The Gnomish Mines: levels 3 to 10 Level 3: Level 4: Level 5: "scrolls horns etc in temple" Many shops, a temple, some fountains, a sink. Level 6: Level 7: Level 8: Level 9: "cockatrice mines end need antistoning" Level 10: A fountain. The Quest: levels 1 to 6 Level 1: A fountain. Completed quest for the Norn. Level 2: Level 3: Level 4: "silver saber" Level 5: Level 6: Sokoban: levels 7 up to 4 Level 4: Solved. Level 5: Solved. Level 6: Solved. Level 7: Solved. Vlad's Tower: levels 40 up to 38 Level 38: Level 39: Level 40: Farvel Merlek the Demigoddess... You went to your reward with 2154994 points, Grayswandir (worth 8000 zorkmids and 20000 points) The Candelabrum of Invocation (worth 5000 zorkmids and 12500 points) The Bell of Opening (worth 5000 zorkmids and 12500 points) The Orb of Fate (worth 3500 zorkmids and 8750 points) 1 worthless piece of colored glass, 3 amulets of life saving (worth 450 zorkmids), 1 amulet of flying (worth 150 zorkmids), and 138 pieces of gold, after 53355 moves. You were level 22 with a maximum of 205 hit points when you ascended.